 Dungeon Crawl Stone Soup version 0.29.1-2-gbd0b4ee654 (webtiles) character file.

Game seed: 4694179162368255694

96 LustLizard the Insei (level 4, 0/29 HPs)
             Began as an Octopode Transmuter on Nov 29, 2022.
             Splashed by a jelly's acid (3 damage)
             ... on level 6 of the Dungeon.
             The game lasted 00:14:09 (3345 turns).

LustLizard the Insei (Octopode Transmuter)          Turns: 3345, Time: 00:14:10

Health: 0/29       AC: -7    Str:  9    XL:     4   Next: 67%
Magic:  6/7        EV: 13    Int: 17    God:
Gold:   130        SH:  0    Dex: 12    Spells: 1/8 levels left

rFire   . . .      SeeInvis .     - Unarmed
rCold   + . .      Faith    .   (no shield)
rNeg    . . .      Spirit   .   (helmet currently unavailable)
rPois   .          Reflect  .   (no amulet)
rElec   .          Harm     .   o - ring of protection from cold
rCorr   .          Rampage  .   (no ring)
Will    .....                   (no ring)
Stlth   +++.......              (no ring)
HPRegen 0.09/turn               (no ring)
MPRegen 0.10/turn               (no ring)
                                (no ring)
                                (no ring)

@: appendages, corroded
A: tentacle spike 3, almost no armour, amphibious, 8 rings, camouflage 1,
gelatinous body 1, (nimble swimmer 1), tentacles
a: End Transformation


You were on level 6 of the Dungeon.
One of your tentacles had grown a beastly spike.
You visited 1 branch of the dungeon, and saw 5 of its levels.

You collected 130 gold pieces.

Inventory:

Missiles
 c - 20 stones (quivered)
Jewellery
 o - a ring of protection from cold (left tentacle)
Scrolls
 b - a scroll of poison
 e - a scroll of silence {unknown}
 f - a scroll of enchant armour
 h - a scroll of blinking {unknown}
 m - a scroll of noise {unknown}
 n - a scroll of vulnerability {unknown}
 q - a scroll of teleportation {unknown}
 r - a scroll of enchant weapon {unknown}
Potions
 a - a potion of lignification
 d - 2 potions of might
 g - a potion of mutation {unknown}
 i - 3 potions of degeneration
 j - 2 potions of magic
 k - a potion of attraction {unknown}
 l - 2 potions of heal wounds
 p - a potion of curing {unknown}


   Skills:
 + Level 1.8 Fighting
 - Level 2.0 Dodging
 + Level 1.9 Stealth
 + Level 3.4 Unarmed Combat
 + Level 2.5 Spellcasting
 * Level 3.0 Transmutations
 * Level 0.5 Ice Magic


You had one spell level left.
You knew the following spells:

 Your Spells              Type           Power      Damage    Failure   Level
a - Beastly Appendage     Tmut           24%        N/A       5%          1
b - Wereblood             Tmut           12%        N/A       8%          2
c - Ice Form              Ice/Tmut       8%         N/A       65%         4

Your spell library contained the following spells:

 Spells                   Type           Power      Damage    Failure   Level
 Spider Form              Tmut/Pois      7%         N/A       28%         3
 Tukima's Dance           Hex            2%         N/A       50%         3
 Passage of Golubria      Tloc           2%         N/A       88%         4
 Yara's Violent Unravell  Hex/Tmut       3%         3d4       95%         5


Dungeon Overview and Level Annotations

Branches:
Dungeon (4/15)
 Temple: D:4-7

Altars:
Cheibriados
Gozag
Kikubaaqudgha

Shops:
D:3 *


Innate Abilities, Weirdness & Mutations

One of your tentacles has grown a beastly spike.
You cannot wear most types of armour.
You are amphibious.
You can wear up to eight rings at the same time.
Your skin changes colour to match your surroundings (Stealth+).
Your rubbery body absorbs attacks. (AC +1, EV +1)
((You are camouflaged when in or above water. (Stealth+)))
You have tentacles for arms and can constrict up to eight enemies at once.


Message History

The jelly is lightly wounded.
Unknown command.
Okay, then.
Casting: Beastly Appendage (safe; 5% risk of failure)
Confirm with . or Enter, or press ? or * to list all spells.
One of your tentacles grows a vicious spike.
Throw: 22 stones
Press: ? - help, Q - select action, (/) - cycle Shift-Dir - straight line, f/p - jelly
Aim: a jelly (lightly wounded, 89% to hit)
You throw a stone.
The stone hits the jelly but does no damage.
The jelly is lightly wounded.
Throw: 21 stones
Press: ? - help, Q - select action, (/) - cycle Shift-Dir - straight line, f/p - jelly
Aim: a jelly (lightly wounded, 89% to hit)
You throw a stone. The stone hits the jelly.
The jelly is lightly wounded.
Unknown command.
You tentacle-slap the jelly.
Your tentacles burn!
The jelly is heavily wounded.
The jelly hits you.
You are splashed with acid!
You tentacle-slap the jelly. The acid corrodes you!
Your tentacles burn!
You pierce the jelly, but do no damage.
You squeeze the jelly, but do no damage.
The jelly is heavily wounded.
The jelly barely misses you.
You barely miss the jelly.
You squeeze the jelly, but do no damage.
The jelly is heavily wounded.
The jelly hits you. The acid corrodes you!
You are splashed with acid.
* * * LOW HITPOINT WARNING * * *
You tentacle-slap the jelly but do no damage.
Your tentacles burn!
* * * LOW HITPOINT WARNING * * *
You pierce the jelly, but do no damage.
The jelly is heavily wounded.
The jelly barely misses you.
You tentacle-slap the jelly but do no damage.
Your tentacles burn!
You die...

....##........#
.......##......##.....#
......##......#......#
.....##......#......#
#....##..............
#....##.....#....##.#
#....##.....#....##..
#...J.......#.#######
#...@#......#.####
####.#.#.##......#
#.#.#.##.#.#..#
#.#.#.##.#....#
#.#.#.##.#....#
#.#...##.###.###
#.#.####.......#
#.#....###########
#.####.# #.


You could see a jelly.

Vanquished Creatures
  A hound (D:6)
  2 worms
  2 dart slugs
  6 endoplasms
  2 giant cockroaches (D:1)
  7 goblins
  7 hobgoblins
  5 kobolds
  2 quokkas (D:3)
  7 ball pythons
  3 bats
  2 frilled lizards
  6 rats
52 creatures vanquished.

Notes
Turn   | Place    | Note
-------+----------+-------------------------------------------
     0 | D:1      | LustLizard the Octopode Transmuter began the quest for the
                  | Orb.
     0 | D:1      | Reached XP level 1. HP: 13/13 MP: 3/3
   514 | D:1      | Reached XP level 2. HP: 18/18 MP: 3/5
   519 | D:1      | Learned a level 2 spell: Wereblood
   861 | D:1      | Found a faded altar of an unknown god.
  1067 | D:2      | Reached skill level 1 in Stealth
  1081 | D:2      | Reached XP level 3. HP: 23/23 MP: 6/6
  1241 | D:2      | Identified the +2 robe of the Learner {Str+3 Archmagi}
  2312 | D:3      | Identified the +4 plate armour "Diq Wugi" {rF+ rC+ Dex+2}
  2318 | D:3      | Reached XP level 4. HP: 28/28 MP: 4/7
  2534 | D:3      | Found a snail-covered altar of Cheibriados.
  2623 | D:3      | Found an ancient bone altar of Kikubaaqudgha.
  2730 | D:3      | Found Gozag's Platinum Reserve.
  2735 | D:3      | Found an opulent altar of Gozag.
  3084 | D:3      | Learned a level 4 spell: Ice Form
  3085 | D:4      | You fall into a shaft and drop 2 floors!
  3193 | D:6      | Noticed an orc warrior
  3345 | D:6      | Splashed by a jelly's acid

Illustrated notes

Levels and vault maps discovered:
D:1:      amcnicky_arrival_gap_in_the_tavern_cellar, layout_loops_ring,
          hellmonk_ecumenical_altar_inner_sanctum, nicolae_figureground_sparkle
D:2:      minmay_evil_eye, layout_loops_ring
D:3:      layout_basic, nicolae_kikubaaqudgha_miasma_corner, old_standard_altar,
          nicolae_gozag_zags_fifth_avenue
D:4:      layout_basic, nicolae_qazlal_style_of_elements,
          serial_co_window_serial, co_window_paths_a, co_window_corner_a,
          co_window_paths_a, co_window_paths_b, co_window_paths_a,
          co_window_paths_a, co_window_cross_2, co_window_paths_c,
          co_window_unsneaky_path_e, co_window_paths_e, glass_columns_b,
          glass_columns_a, glass_columns_b, glass_columns_c, glass_columns_a,
          minmay_fractal_squares_diagonal_5, uniq_ijyb, uniq_eustachio
D:6:      layout_basic, tgw_sif, minmay_checkerbox, uniq_blork_the_orc

Skill      XL: |  1  2  3  4 |
---------------+-------------+-----
Stealth        | 1 |  1.9
Transmutations | 3 |  3.0
Fighting       | |  1.8
Dodging        | |  2.0
Unarmed Combat | |  3.4
Spellcasting   | |  2.5
Ice Magic      | |  0.5

Action                   |  1- 3 |  4- 6 || total
-------------------------+-------+-------++-------
Melee: Unarmed           |   100 |    20 ||   120
       Constrict         |    28 |     4 ||    32
       Kick              |    24 |     6 ||    30
       Tentacles         |    19 |     4 ||    23
Throw: Stone             |       |     4 ||     4
 Cast: Beastly Appendage |    22 |     4 ||    26
       Wereblood         |    11 |     3 ||    14
  Use: Scroll            |     5 |     1 ||     6
 Stab: Sleeping          |     7 |       ||     7
Armor: Skin              |    10 |     1 ||    11
Dodge: Dodged            |    53 |     9 ||    62
